 Dungeon Crawl Stone Soup version 0.29-a0-757-g358383bc75 (webtiles) character file.

Game seed: 1805159923723365074

357048 wingedge the Slayer (level 22, -3/208 (213) HPs)
             Began as a Hill Orc Monk on June 29, 2022.
             Was a High Priest of Beogh (penitent).
             Killed from afar by a tengu reaver (8 damage)
             ... with a bolt of cold
             ... on level 5 of the Vaults on July 1, 2022.
             The game lasted 06:16:51 (53613 turns).

wingedge the Slayer (Hill Orc Monk)                Turns: 53613, Time: 06:16:51

HP:   -3/208 (213)  AC: 32    Str: 27    XL:     22   Next: 35%
MP:   34/34         EV: 12    Int: 12    God:    Beogh [*****.]
Gold: 1261          SH:  5    Dex: 10    Spells: 23/23 levels left

rFire   + + +      SeeInvis .   c - +6 broad axe of Taor {flame, Fragile rC+ rCorr Str+2}
rCold   + + .      Faith    .   (no shield)
rNeg    + . .      Spirit   .   u - +0 gold dragon scales
rPois   +          Reflect  +   V - +2 hat {Will+}
rElec   +          Harm     +   r - scarf {harm}
rCorr   +          Rampage  .   M - +1 pair of gloves of Precision Catastrophes {rPois rF+ rN+ Regen+ Dex-5}
Will    ++...                   g - +1 pair of boots
Stlth   ..........              E - amulet of reflection
HPRegen 1.24/turn               w - +4 ring of protection
MPRegen 0.24/turn               d - ring "Zyaklit" {rElec rF+ EV+4 Str+2 Int+2}

@: studying Fighting, lightly drained
A: no striking features
}: 2/15 runes: barnacled, gossamer
a: Renounce Religion


You were on level 5 of the Vaults.
You worshipped Beogh.
Beogh was demanding penance.
You visited 8 branches of the dungeon, and saw 41 of its levels.

You collected 6407 gold pieces.
You spent 5146 gold pieces at shops.

Inventory:

Hand Weapons
 a - a +9 vampiric battleaxe
 b - the +4 battleaxe of Hatred {pain, *Corrode +Blink rF- rN+++ Will+++}
   (You found it on level 3 of the Depths)

   In the hands of one skilled in necromantic magic, it inflicts extra damage on
   living creatures.
   rF:        It makes you vulnerable to fire.
   rN:        It renders you almost immune to negative energy.
   +Blink:    It lets you blink.
   *Corrode:  It may corrode you when you take damage.
   Will:      It greatly increases your willpower.
 c - the +6 broad axe of Taor (weapon) {flame, Fragile rC+ rCorr Str+2}
   (You found it on level 1 of the Orcish Mines)

   It burns those it strikes, dealing additional fire damage.
   Big, fiery blades are also staple armaments of hydra-hunters.
   Str:       It affects your strength (+2).
   rC:        It protects you from cold.
   rCorr:     It protects you from acid and corrosion.
   Fragile:   It will be destroyed if unequipped.
 m - a +7 war axe of distortion
 t - the +8 Wrath of Trog {antimagic, *Rage Rampage}
   (You found it on level 3 of the Depths)

   It reduces the magical energy of the wielder, and disrupts the spells and
   magical abilities of those it strikes.
   Natural abilities and divine invocations are not affected.
   It causes slowness and exhaustion when equipped.
   It extends the wielder's berserk rage when killing foes.
   *Rage:     It berserks you when you make melee attacks (+50% chance).
   Rampage:   It bestows one free step when moving towards enemies.
Missiles
 y - 10 boomerangs (quivered)
 W - a throwing net
Armour
 g - a +1 pair of boots (worn)
 r - a scarf of harm (worn)
 u - +0 gold dragon scales (worn)
 I - a +0 kite shield of protection
 M - the +1 pair of gloves of Precision Catastrophes (worn) {rPois rF+ rN+ Regen+ Dex-5}
   (You found it on level 4 of the Spider Nest)

   Dex:       It affects your dexterity (-5).
   rF:        It protects you from fire.
   rPois:     It protects you from poison.
   rN:        It protects you from negative energy.
   Regen:     It increases your rate of health regeneration.
 T - a +0 kite shield of reflection
 V - a +2 hat of willpower (worn)
Jewellery
 d - the ring "Zyaklit" (right hand) {rElec rF+ EV+4 Str+2 Int+2}
   (You acquired it on level 6 of the Lair of Beasts)

   [ring of evasion]

   EV:        It affects your evasion (+4).
   Str:       It affects your strength (+2).
   Int:       It affects your intelligence (+2).
   rF:        It protects you from fire.
   rElec:     It insulates you from electricity.
 w - a +4 ring of protection (left hand)
 B - a ring of willpower
 E - an amulet of reflection (around neck)
 H - a ring of protection from cold
 R - a ring of protection from fire
Wands
 e - a wand of charming (21)
 i - a wand of polymorph (28)
 k - a wand of digging (4)
 v - a wand of iceblast (21)
 z - a wand of acid (17)
 Y - a wand of flame (18)
 Z - a wand of mindburst (1)
Scrolls
 o - 5 scrolls of fog
 s - 3 scrolls of immolation
 x - 4 scrolls of fear
 L - 3 scrolls of magic mapping
 O - 2 scrolls of silence
 P - 9 scrolls of poison
 Q - 6 scrolls of vulnerability
 U - 12 scrolls of teleportation
Potions
 j - 11 potions of curing
 l - a potion of resistance
 p - 3 potions of haste
 q - 2 potions of berserk rage
 A - 12 potions of might
 F - 5 potions of ambrosia
 G - 11 potions of mutation
 J - 2 potions of invisibility
 S - 5 potions of cancellation
 X - 2 potions of flight
Miscellaneous
 f - a box of beasts
 h - a lightning rod (4/4)
 D - a condenser vane
 N - a phantom mirror (inert)


   Skills:
 + Level 21.4 Fighting
 * Level 20.8(22.4) Axes
 - Level 1.6(11.7) Maces & Flails
 - Level 12.5(16.6) Polearms
 - Level 12.0 Throwing
 + Level 16.0 Armour
 - Level 6.0 Dodging
 - Level 2.0 Stealth
 - Level 11.9 Shields
 - Level 1.0 Spellcasting
 - Level 17.5 Invocations
 * Level 16.8 Evocations


You had 23 spell levels left.
You didn't know any spells.
Your spell library contained the following spells:

 Spells                   Type           Power      Damage    Failure   Level
 Apportation              Tloc           0%         N/A       99%         1
 Freeze                   Ice            0%         1d3       99%         1
 Necrotize                Necr           0%         1d4       99%         1
 Slow                     Hex            0%         N/A       99%         1
 Summon Small Mammal      Summ           0%         N/A       99%         1
 Call Canine Familiar     Summ           0%         N/A       100%        3
 Confusing Touch          Hex            0%         N/A       100%        3
 Frozen Ramparts          Ice            0%         1d2       100%        3
 Portal Projectile        Hex/Tloc       0%         N/A       100%        3
 Summon Guardian Golem    Hex/Summ       0%         N/A       100%        3
 Tukima's Dance           Hex            0%         N/A       100%        3
 Vampiric Draining        Necr           0%         2d6       100%        3
 Airstrike                Air            0%         N/A       100%        4
 Animate Armour           Summ/Erth      0%         N/A       100%        4
 Cause Fear               Hex            0%         N/A       100%        4
 Dispel Undead            Necr           0%         3d6       100%        4
 Hailstorm                Conj/Ice       0%         3d3       100%        4
 Leda's Liquefaction      Hex/Erth       0%         N/A       100%        4
 Passage of Golubria      Tloc           0%         N/A       100%        4
 Summon Lightning Spire   Summ/Air       0%         N/A       100%        4
 Blade Hands              Tmut           0%         N/A       100%        5
 Fireball                 Conj/Fire      0%         3d3       100%        5
 Iskenderun's Battlesphe  Conj           0%         2d6       100%        5
 Lightning Bolt           Conj/Air       0%         1d11      100%        5
 Summon Forest            Summ/Tloc      0%         N/A       100%        5
 Summon Mana Viper        Hex/Summ       0%         N/A       100%        5
 Yara's Violent Unravell  Hex/Tmut       0%         3d3       100%        5
 Conjure Ball Lightning   Conj/Air       0%         3x3d6     100%        6
 Eringya's Noxious Bog    Tmut/Pois      0%         N/A       100%        6
 Iron Shot                Conj/Erth      0%         9d1       100%        6
 Summon Cactus Giant      Summ           0%         N/A       100%        6
 Dragon Form              Tmut           0%         N/A       100%        7
 Enfeeble                 Hex            0%         N/A       100%        7
 Orb of Destruction       Conj           0%         9d5       100%        7
 Summon Hydra             Summ           0%         N/A       100%        7
 Necromutation            Tmut/Necr      0%         N/A       100%        8
 Death's Door             Necr           0%         N/A       100%        9
 Dragon's Call            Summ           0%         N/A       100%        9


Dungeon Overview and Level Annotations

Branches:
Dungeon (15/15)            Temple (1/1) D:4            Lair (6/6) D:8
 Shoals (4/4) Lair:4       Spider (4/4) Lair:4        Slime (0/5) Lair:6
    Orc (2/2) D:10            Elf (0/3) Orc:2        Vaults (5/5) D:13
  Crypt (0/3) Vaults:3     Depths (4/4) D:15            Zot (0/5) Depths:4

Altars:
Ashenzari
Cheibriados
Dithmenos
Elyvilon
Fedhas
Gozag
Hepliaklqana
Kikubaaqudgha
Makhleb
Nemelex Xobeh
Okawaru
Qazlal
Ru
Sif Muna
Trog
Uskayaw
Vehumet
Wu Jian
Xom
Yredelemnul
Zin
The Shining One
Beogh
Jiyva

Shops:
D:6 (   D:14 ?   Orc:1 (   Orc:2 ([:=   Shoals:2 ?   Shoals:3 ?*   Shoals:4 **
Vaults:3 !   Depths:2 !   Depths:3 *   Depths:4 :*

Portals:
Hell: Depths:1 Depths:2 Depths:3 Depths:4
Abyss: Depths:1 Depths:3 Depths:4
Pandemonium: Depths:2
Ziggurat: Depths:4
Trove: Depths:4 (give 7 scrolls of fear)


Message History

You finish taking off your +0 kite shield of protection.
You feel less protected.
You feel better.
Your deep troll misses the tengu reaver.
Your deep troll claws the tengu reaver.
Your deep troll claws the tengu reaver but does no damage.
The purple very ugly thing stings your ironbound preserver!
The yaktaur hits something but does no damage.
The tengu reaver points at you and mumbles some strange words.
The bolt of negative energy hits your deep troll!!
Your deep troll is drained!
Your deep troll dies!
Your deep troll's corpse dissolves into shadows!
The bolt of negative energy hits you! You partially resist.
You feel drained.
* * * LOW HITPOINT WARNING * * *
Okay, then.
Blink to where?
Press: ? - help, Dir - move target A vault sentinel comes into view.
It is wielding a +0 long sword.
Found 105 gold pieces.
As you read the scroll of blinking, it crumbles to dust.
The vault sentinel shouts!
The yaktaur seems to regain its courage.
Your deep elf zephyrmancer mumbles some strange words.
Your deep elf zephyrmancer blinks!
Your deep troll barely misses the ettin.
Your deep troll claws the ettin but does no damage.
Your deep troll claws the ettin.
Your deep troll bites the yaktaur.
Your deep troll claws the yaktaur! x2
Your ironbound preserver closely misses the purple very ugly thing.
The purple very ugly thing stings your deep troll!!
The dread lich mumbles some strange words.
The dread lich seems to speed up.
The vault sentinel blows a loud note on a signal horn!
The ettin barely misses your deep troll.
The ettin hits your deep troll with a +0 dire flail!
A shadow dragon comes into view.
The tengu reaver points at you and mumbles some strange words.
The bolt of cold hits you! You resist.
You die...

#. $ ##.#
$# .##...#
#'#
......##..
#.......
#.c...
##...e#
+..Q.@#
##....##
##...pe
##cC.....


T.eTTL##pD #....## .##()u# #'# ##....##. ##p# $# .#....##.####ยง# $
c#.Q..##..##X(# You could see a shadow dragon, a dread lich (fast), a purple
very ugly thing (ally target), a vault warden, a tengu reaver, a deep elf
annihilator, an ettin (distracted), a vault sentinel (catching breath), 2
yaktaurs, a friendly ironbound preserver (summoned, empowered), 3 friendly deep
trolls, a friendly deep elf archer (summoned, empowered, repels missiles) and a
friendly deep elf zephyrmancer (summoned, empowered).

Vanquished Creatures
  An ancient lich (Depths:3)
  2 juggernauts
  Bai Suzhen (Spider:4)
  A caustic shrike (Depths:4)
  A golden dragon (Vaults:4)
  A bone dragon (Depths:4)
  3 tentacled monstrosities
  A lich (Vaults:4)
  2 orc warlords (Vaults:5)
  3 titans
  The ghost of Lahaam the Bludgeoner, an adept MiBe of Trog (Spider:1)
  A tengu reaver (Vaults:4)
  A sphinx (Vaults:3)
  Gastronok (D:9)
  3 storm dragons
  Kirke (Spider:2)
  Donald (Shoals:3)
  6 emperor scorpions
  6 frost giants
  A deep elf sorcerer (Depths:3)
  2 ghost moths (Spider:4)
  A draconian scorcher (Depths:4)
  3 fire giants
  A balrug (Depths:3)
  5 vault wardens
  4 very ugly things
  The ghost of EyeSee2020 the Tortoise, a journeyman HOFi of Trog (Spider:1)
  A reaper (Depths:2)
  4 ironbound preservers
  2 war gargoyles (Vaults:2)
  A caustic shrike skeleton (D:15)
  3 broodmothers
  9 stone giants
  A green draconian (Depths:4)
  A juggernaut skeleton (Depths:3)
  5 vampire knights
  An ironbound thunderhulk (Vaults:2)
  2 dire elephants (Vaults:4)
  A white draconian (Depths:4)
  A deep elf annihilator (Vaults:2)
  3 entropy weavers
  6 spark wasps
  Snorg (D:13)
  2 crystal guardians (Vaults:4)
  3 merfolk impalers
  6 ettins
  2 fire dragons
  A deep elf high priest (Vaults:4)
  6 yaktaur captains
  2 rakshasas
  24 vault guards (Vaults:5)
  4 great orbs of eyes
  2 ice dragons
  2 boulder beetles
  A jorogumo (Spider:1)
  A centaur warrior (D:13)
  8 hydras
  2 radroaches
  A peacekeeper (Vaults:4)
  4 ironbound frosthearts
  2 merfolk aquamancers
  3 merfolk avatars
  2 alligator snapping turtles
  4 ogre magi
  11 two-headed ogres
  3 satyrs
  Erica (Orc:1)
  8 deep troll shamans
  4 death scarabs
  10 deep troll earth magi
  A death yak (Lair:3)
  A tengu warrior (D:14)
  5 spriggan berserkers
  2 vampire magi (Depths:3)
  12 hell knights
  2 soul eaters (Depths:3)
  Amaemon (D:10)
  6 skeletal warriors
  A titan skeleton (D:15)
  3 iron trolls
  5 pharaoh ants
  8 large abominations (Depths:4)
  The ghost of zeratav the Marksspriggan, a novice SpAM of Dithmenos (D:8)
  2 sun moths (Spider:2)
  8 steelbarb worms
  23 deep trolls
  6 orb spiders
  2 flayed ghosts (Depths:3)
  5 sea snakes
  2 glowing orange brains
  A lindwurm (Vaults:4)
  An orc sorcerer (Orc:2)
  3 phantasmal warriors
  8 harpies
  5 necromancers
  A shadow dragon zombie (Depths:3)
  3 wizards
  An orc knight (Orc:2)
  16 wolf spiders
  3 ironbound convokers
  A deep elf pyromancer (D:13)
  17 fauns
  12 cyclopes
  2 oklob plants
  17 ugly things
  6 moths of wrath
  A glowing shapeshifter (Depths:4)
  7 manticores
  8 merfolk sirens
  4 vault sentinels
  7 elephants (Lair:6)
  4 water nymphs
  A molten gargoyle (Orc:1)
  An orange demon (D:10)
  2 smoke demons (Depths:3)
  A torpor snail (Spider:4)
  7 cane toads
  2 unseen horrors (D:10)
  6 rime drakes
  28 yaktaurs
  A spectral redback (Spider:4)
  5 demonic crawlers
  An efreet (D:14)
  4 komodo dragons
  A redback zombie (Spider:4)
  2 freezing wraiths
  2 tengu conjurers (Depths:3)
  A red devil (Depths:2)
  An ice devil (Depths:2)
  A silent spectre (Depths:3)
  13 merfolk
  8 trolls
  5 polar bears
  5 wind drakes
  5 hornets
  A tarantella (shapeshifter) (D:13)
  11 blink frogs
  6 tarantellas
  2 spectral tarantellas (Spider:4)
  Prince Ribbit (D:7)
  8 snapping turtles
  2 spectral culicivoras (Spider:4)
  2 spectral jumping spiders (Spider:4)
  11 dream sheep
  10 slime creatures
  14 jumping spiders
  6 water elementals
  A shadow (D:9)
  7 culicivoras
  13 spriggans
  A wraith (Vaults:3)
  43 yaks
  2 wyverns
  2 basilisks
  2 fire elementals
  18 redbacks
  3 steam dragons
  3 chaos spawn (Depths:4)
  A glowing shapeshifter zombie (D:15)
  The ghost of riojii the Insei, an amateur OpTm (D:3)
  An acid dragon (D:11)
  14 water moccasins
  2 wargs
  3 small abominations (Depths:4)
  A sky beast (D:7)
  3 black bears
  A human zombie (Vaults:4)
  2 ice beasts
  9 orc warriors
  3 boggarts (Lair:6)
  16 wolves
  19 ogres
  3 phantoms
  A kobold brigand (D:10)
  A gnoll sergeant (D:6)
  10 bullfrogs
  A cane toad simulacrum (Lair:6)
  2 cyclops zombies (Orc:1)
  A necrophage (D:5)
  7 scorpions
  13 wights
  19 killer bees
  2 howler monkeys (D:10)
  8 electric eels
  A torpor snail simulacrum (Lair:6)
  A komodo dragon simulacrum (Lair:6)
  8 hounds
  3 jellies
  A gnoll shaman (D:9)
  2 orc priests (D:8)
  Natasha (D:3)
  2 iguanas
  7 orc wizards
  6 hell rats (Lair:4)
  Robin (D:3)
  7 gnolls
  5 adders
  A shadow imp (D:6)
  5 worms
  3 dart slugs
  22 orcs
  8 ball pythons
  2 endoplasms
  4 giant cockroaches
  12 goblins
  11 hobgoblins
  6 jackals (D:4)
  3 quokkas
  3 bats (D:2)
  4 frilled lizards
  9 kobolds
  3 rats
997 creatures vanquished.

Vanquished Creatures (collateral kills)
  A juggernaut (Depths:4)
  2 caustic shrikes (Depths:4)
  Jorgrun (Shoals:3)
  A titan (Depths:3)
  3 sphinxes
  2 shadow dragons
  A tengu reaver (Depths:4)
  6 fire giants
  7 vault wardens
  3 frost giants
  2 emperor scorpions
  Aizul (Spider:4)
  A draconian shifter (Depths:4)
  A caustic shrike zombie (Depths:3)
  8 ironbound preservers
  11 stone giants
  A broodmother (Spider:1)
  10 very ugly things
  2 vampire knights (Depths:3)
  The ghost of Nelass the Geomancer, a journeyman GrEE of Vehumet (Lair:6)
  3 ironbound thunderhulks
  A green draconian (Depths:4)
  3 entropy weavers
  4 dire elephants
  6 spark wasps
  2 yellow draconians (Depths:4)
  6 ettins
  A yaktaur captain (Vaults:3)
  4 merfolk impalers
  4 fire dragons
  2 great orbs of eyes (Vaults:4)
  A vault guard (Vaults:1)
  6 boulder beetles
  4 hydras
  3 spriggan air magi
  3 ice dragons
  2 jorogumos (Spider:4)
  2 radroaches (Spider:3)
  3 two-headed ogres
  2 merfolk avatars (Shoals:2)
  An alligator snapping turtle (Shoals:1)
  6 ironbound frosthearts
  2 death yaks (Lair:3)
  A centaur warrior (Shoals:1)
  4 deep troll shamans
  5 death scarabs (Spider:4)
  2 spriggan berserkers (Depths:3)
  A spectral storm dragon (Depths:3)
  3 tengu warriors
  2 deep troll earth magi
  13 hell knights
  A titan zombie (Orc:1)
  A soul eater (Depths:3)
  6 spriggans
  7 pharaoh ants
  4 skeletal warriors
  A sun moth (Spider:3)
  5 sea snakes
  A golden dragon zombie (Depths:3)
  7 iron trolls
  33 deep trolls
  A storm dragon skeleton (Depths:3)
  A deep troll (shapeshifter) (Vaults:4)
  2 steelbarb worms (Spider:4)
  2 spectral jorogumos (Spider:4)
  4 phantasmal warriors
  A tengu zombie (Depths:3)
  8 orb spiders
  A wizard (Vaults:4)
  2 lindwurms
  4 ironbound convokers
  2 necromancers
  An orc knight (D:15)
  A wolf spider zombie (Spider:4)
  9 wolf spiders
  8 harpies
  14 cyclopes
  3 manticores
  2 tengu skeletons (Depths:3)
  10 fauns
  13 ugly things
  4 elephants (Lair:6)
  4 moths of wrath
  A stone giant zombie (Orc:1)
  A stone giant skeleton (Vaults:4)
  A black mamba (Lair:6)
  A fire giant skeleton (D:15)
  7 vault sentinels
  3 merfolk sirens
  A rust devil (Depths:2)
  A guardian serpent (shapeshifter) (D:13)
  5 water nymphs
  4 torpor snails
  3 cane toads
  2 kobold demonologists
  A spectral redback (Spider:4)
  2 rime drakes (Lair:6)
  14 yaktaurs
  3 demonic crawlers (Spider:2)
  2 komodo dragons
  5 tengu conjurers
  2 polar bears (Lair:6)
  A burning bush (Lair:1)
  A hellwing (Depths:2)
  A human skeleton (Vaults:4)
  14 merfolk
  4 meliai
  18 slime creatures
  3 trolls
  2 spectral jumping spiders (Spider:4)
  8 hornets
  A wind drake (Shoals:1)
  2 culicivora zombies (Spider:4)
  6 tarantellas
  3 snapping turtles
  3 blink frogs
  14 dream sheep
  A centaur simulacrum (D:15)
  18 jumping spiders
  A culicivora (shapeshifter) (D:13)
  A jumping spider (shapeshifter) (D:13)
  A shadow (D:12)
  An air elemental (D:12)
  2 water elementals
  10 culicivoras
  15 yaks
  2 wraiths
  A basilisk (D:15)
  14 redbacks
  A fire elemental (D:12)
  3 wargs
  A harpy simulacrum (D:15)
  2 acid dragons
  9 water moccasins
  A hydra simulacrum (Lair:6)
  A black bear (Lair:6)
  5 orc warriors
  A black mamba simulacrum (Lair:6)
  A boggart (Lair:6)
  18 wolves
  8 ogres
  An ogre (shapeshifter) (Depths:3)
  5 bullfrogs
  A cane toad simulacrum (Lair:6)
  A scorpion (Spider:2)
  An earth elemental (D:12)
  An electric eel (Lair:1)
  2 orc priests (D:10)
  3 orcs
  A kobold (D:10)
604 creatures vanquished.

Vanquished Creatures (others)
  3 orc warlords (Depths:3)
  A fire giant (Depths:2)
  3 orc warriors
  Psyche (D:8)
  A jumping spider (Spider:2)
  7 humans (Spider:2)
  8 orc priests
  5 orc wizards
  22 orcs
  17 fungi
  231 plants
  5 withered plants (D:15)
304 creatures vanquished.

Grand Total: 1905 creatures vanquished

Notes
Turn   | Place    | Note
-------+----------+-------------------------------------------
     0 | D:1      | wingedge the Hill Orc Monk began the quest for the Orb.
     0 | D:1      | Reached XP level 1. HP: 19/19 MP: 1/1
   417 | D:1      | Reached XP level 2. HP: 23/27 MP: 2/2
  1219 | D:2      | Reached XP level 3. HP: 33/33 MP: 3/3
  1339 | D:2      | Found a hide-covered altar of Uskayaw.
  1817 | D:2      | Found a faded altar of an unknown god.
  1933 | D:2      | Reached skill level 1 in Armour
  2221 | D:3      | Reached skill level 4 in Fighting
  2221 | D:3      | Reached XP level 4. HP: 34/40 MP: 4/4
  2289 | D:3      | Found a snail-covered altar of Cheibriados.
  2289 | D:3      | Noticed a torpor snail
  2289 | D:3      | Noticed a torpor snail
  2290 | D:3      | Noticed a torpor snail
  2433 | D:3      | Noticed Robin
  2474 | D:3      | Killed Robin
  2475 | D:3      | Reached skill level 5 in Axes
  3008 | D:3      | Noticed a scorpion
  3014 | D:3      | Killed a scorpion
  3015 | D:3      | Reached skill level 1 in Throwing
  3015 | D:3      | Reached XP level 5. HP: 47/47 MP: 5/5
  3038 | D:3      | Reached skill level 1 in Invocations
  3127 | D:3      | Noticed Natasha
  3147 | D:3      | Killed Natasha
  3414 | D:3      | Found a runed translucent gate.
  3414 | D:3      | Found a runed translucent gate.
  3414 | D:3      | Found a runed translucent gate.
  3414 | D:3      | Noticed riojii's ghost (amateur OpTm)
  3458 | D:3      | Found an ancient bone altar of Kikubaaqudgha.
  3652 | D:4      | Noticed an ogre
  3667 | D:4      | Killed an ogre
  3668 | D:4      | Reached XP level 6. HP: 11/53 MP: 1/7
  3952 | D:4      | Found a staircase to the Ecumenical Temple.
  3981 | Temple   | Entered the Ecumenical Temple
  4403 | D:4      | Reached skill level 1 in Spellcasting
  4403 | D:4      | Reached XP level 7. HP: 60/60 MP: 8/8
  4438 | D:4      | Reached skill level 5 in Fighting
  5143 | D:5      | Entered Level 5 of the Dungeon
  5205 | D:5      | Identified the +1 chain mail of Noughts and Crosses {rPois
                  | rF++ Will- rCorr}
  5286 | D:5      | Reached XP level 8. HP: 63/69 MP: 10/10
  5360 | D:5      | Identified the +4 whip of Invincibility {vorpal, Dex+4}
  5495 | D:5      | Reached skill level 1 in Maces & Flails
  5892 | D:3      | Killed riojii's ghost
  6025 | D:6      | Reached skill level 6 in Fighting
  6145 | D:6      | Identified the +11 trident "Rudi Efall" {vorpal, +Blink rC+
                  | Dex+2}
  6224 | D:6      | Reached skill level 1 in Polearms
  6393 | D:6      | Reached skill level 1 in Evocations
  6418 | D:6      | Found Yrebyre's Antique Weapon Boutique.
  6440 | D:6      | Reached skill level 5 in Invocations
  6440 | D:6      | Reached XP level 9. HP: 53/78 MP: 12/12
  6553 | D:6      | Found Cayve's Magic Scroll Shoppe.
  6583 | D:6      | Bought a scroll of identify for 22 gold pieces
  6583 | D:6      | Bought 3 scrolls of enchant armour for 247 gold pieces
  6583 | D:6      | Bought a scroll of poison for 38 gold pieces
  6656 | D:6      | Found a basalt altar of Yredelemnul.
  6795 | D:6      | Found a white marble altar of Elyvilon.
  7418 | D:6      | Found a shadowy altar of Dithmenos.
  7480 | D:7      | Became a worshipper of Beogh the Brigand
  7480 | D:7      | Reached * piety under Beogh
  7480 | D:7      | Reached ** piety under Beogh
  7630 | D:7      | Reached skill level 5 in Armour
  7678 | D:7      | Noticed Prince Ribbit
  7686 | D:7      | Killed Prince Ribbit
  7687 | D:7      | Reached skill level 7 in Fighting
  8092 | D:8      | Found a runed translucent gate.
  8092 | D:8      | Identified the +3 chain mail of Keuqualigh {Stlth+}
  8092 | D:8      | Noticed zeratav's ghost (novice SpAM)
  8093 | D:8      | Found a runed translucent gate.
  8094 | D:8      | Found a runed translucent gate.
  8102 | D:8      | Found a roughly hewn altar of Beogh.
  8122 | D:8      | Reached skill level 5 in Polearms
  8218 | D:8      | Noticed Psyche
  8258 | D:8      | Killed Psyche
  8529 | D:8      | Reached XP level 10. HP: 86/86 MP: 14/14
  8800 | D:8      | Found a staircase to the Lair.
  9072 | D:8      | Killed zeratav's ghost
  9073 | D:8      | Reached skill level 8 in Fighting
  9476 | D:6      | Bought 3 scrolls of identify for 66 gold pieces
  9476 | D:6      | Bought a scroll of poison for 38 gold pieces
  9476 | D:6      | Bought a scroll of teleportation for 33 gold pieces
  9476 | D:6      | Bought a scroll of immolation for 38 gold pieces
  9943 | D:9      | Noticed Gastronok
  9972 | D:9      | Killed Gastronok
  9973 | D:9      | Reached skill level 5 in Evocations
  9973 | D:9      | Reached XP level 11. HP: 75/95 MP: 15/17
 10185 | D:9      | Reached *** piety under Beogh
 10191 | D:9      | Reached skill level 9 in Fighting
 11178 | D:10     | Entered Level 10 of the Dungeon
 11543 | D:10     | Found a stormy altar of Qazlal.
 11592 | D:10     | Found a staircase to the Orcish Mines.
 12260 | D:10     | Noticed Amaemon
 12274 | D:10     | Killed Amaemon
 12285 | D:10     | Found a large runed translucent door.
 12384 | D:10     | Found a large runed translucent door.
 12654 | D:10     | Found a hazy altar of Hepliaklqana.
 12654 | D:10     | Noticed a two-headed ogre
 12658 | D:10     | Killed a two-headed ogre
 12669 | D:10     | Found a hide-covered altar of Uskayaw.
 12787 | Lair:1   | Entered Level 1 of the Lair of Beasts
 12848 | Lair:1   | Noticed a six-headed hydra
 12853 | Lair:1   | Killed a six-headed hydra
 12929 | Lair:1   | Reached skill level 10 in Polearms
 12934 | Lair:1   | Reached **** piety under Beogh
 12940 | Lair:1   | Gained Gorm as an ally
 13015 | Lair:1   | Reached XP level 12. HP: 106/106 MP: 19/19
 13089 | Lair:1   | Reached skill level 10 in Fighting
 13164 | Lair:1   | Noticed a four-headed hydra
 13169 | Lair:1   | Killed a four-headed hydra
 13321 | Lair:1   | Found a white marble altar of Elyvilon.
 13754 | Lair:2   | Noticed an eight-headed hydra
 13760 | Lair:2   | Killed an eight-headed hydra
 13761 | Lair:2   | Reached skill level 10 in Invocations
 14623 | Lair:3   | Reached skill level 5 in Throwing
 14691 | Lair:3   | Noticed a death yak
 14696 | Lair:3   | Noticed a death yak
 14698 | Lair:3   | Killed a death yak
 14709 | Lair:3   | Killed a death yak
 14807 | Lair:3   | Noticed a death yak
 14812 | Lair:3   | Killed a death yak
 14922 | Lair:3   | Noticed a five-headed hydra
 14930 | Lair:3   | Reached XP level 13. HP: 91/115 MP: 21/21
 14943 | Lair:3   | Reached skill level 11 in Fighting
 14946 | Lair:3   | Reached ***** piety under Beogh
 15122 | Lair:3   | You fall into a shaft and drop 3 floors!
 15122 | Lair:6   | Entered Level 6 of the Lair of Beasts
 15421 | Lair:4   | Found a staircase to the Shoals.
 16080 | Lair:4   | Found a hole to the Spider Nest.
 17736 | Lair:6   | Identified a scroll of acquirement
 17737 | Lair:6   | Acquired the ring "Zyaklit" {rElec rF+ EV+4 Str+2 Int+2}
 18088 | Lair:6   | Found a viscous altar of Jiyva.
 18089 | Lair:6   | Found a staircase to the Slime Pits.
 18512 | Lair:6   | Noticed Nelass's ghost (journeyman GrEE)
 18570 | Lair:6   | Reached skill level 10 in Armour
 18667 | Lair:6   | Reached XP level 14. HP: 97/125 MP: 22/22
 18908 | Lair:6   | Found a runed translucent gate.
 18908 | Lair:6   | Found a runed translucent gate.
 18908 | Lair:6   | Found a runed translucent gate.
 19839 | Orc:1    | Entered Level 1 of the Orcish Mines
 19889 | Orc:1    | Reached skill level 12 in Fighting
 20212 | Orc:1    | Found Akuadi Govo's Weapon Shop.
 20461 | Orc:2    | Entered Level 2 of the Orcish Mines
 20554 | Orc:2    | Reached skill level 10 in Axes
 20555 | Orc:2    | Reached ****** piety under Beogh
 20557 | Orc:2    | Noticed a stone giant
 20570 | Orc:2    | Killed a stone giant
 20582 | Orc:2    | Reached skill level 10 in Evocations
 20596 | Orc:2    | Found Peemp's Weapon Shoppe.
 20848 | Orc:2    | Found Fubewor's Armour Shoppe.
 20868 | Orc:2    | Found Imelastru's Book Shop.
 20877 | Orc:2    | Found Naha's Jewellery Emporium.
 20890 | Orc:2    | Bought a +6 ring of strength for 468 gold pieces
 20933 | Orc:2    | Found a staircase to the Elven Halls.
 21167 | Orc:1    | Noticed Erica
 21260 | Orc:1    | Killed Erica
 22217 | D:12     | Found a large runed translucent door.
 22335 | D:12     | Found a large runed translucent door.
 22454 | D:12     | Paralysed by an air elemental for 1 turns
 22730 | D:13     | Reached XP level 15. HP: 101/132 MP: 24/24
 22801 | D:13     | Found a gate to the Vaults.
 23057 | D:13     | Noticed Snorg
 23068 | D:13     | Killed Snorg
 23069 | D:13     | Reached skill level 13 in Fighting
 23128 | D:13     | Identified the +8 war axe of Overwhelming Force {vorpal,
                  | Str+3}
 23806 | D:14     | Found Foruryro's Magic Scroll Shop.
 23819 | D:14     | Bought a scroll of silence for 120 gold pieces
 23819 | D:14     | Bought a scroll of blinking for 120 gold pieces
 23819 | D:14     | Bought a scroll of blinking for 120 gold pieces
 24179 | D:14     | Found a white marble altar of Elyvilon.
 24253 | D:14     | Identified the +5 ring mail of the Valley of Death {Dex+5
                  | Slay+2}
 24659 | D:15     | Entered Level 15 of the Dungeon
 24693 | D:15     | Found a staircase to the Depths.
 25284 | D:15     | Identified the +2 quarterstaff "Newtslayer" {antimagic,
                  | *Slow Str+6 Dex+3}
 25552 | D:15     | Paralysed by something for 5 turns
 26306 | Shoals:1 | Entered Level 1 of the Shoals
 26347 | Lair:4   | HP: 2/136 [poisoned by a sea snake]
 26983 | D:6      | Bought a scroll of silence for 82 gold pieces
 27198 | Lair:6   | Identified the amulet of Music {RegenMP rElec rPois rF+
                  | Str-2}
 27257 | Lair:6   | Killed Nelass's ghost
 28256 | Shoals:1 | Identified the +6 quarterstaff "Transmigrator" {flame,
                  | Contam rCorr Str+3 Dex+3}
 28259 | Shoals:1 | Upgraded the game from 0.29-a0-732-g3d7fbe0af2 to
                  | 0.29-a0-757-g358383bc75
 28422 | Shoals:1 | Reached skill level 14 in Fighting
 28502 | Shoals:2 | Reached XP level 16. HP: 53/146 MP: 23/26
 28844 | Shoals:2 | Found Naunu's Magic Scroll Shoppe.
 28868 | Shoals:2 | Bought a scroll of acquirement for 728 gold pieces
 28870 | Shoals:2 | Acquired the ring "Axtuleix" {+Blink rElec Will+ Str+2
                  | Slay-3}
 28876 | Shoals:2 | Bought a scroll of brand weapon for 280 gold pieces
 28876 | Shoals:2 | Bought a scroll of enchant armour for 105 gold pieces
 29727 | Shoals:2 | Reached skill level 5 in Dodging
 30006 | Shoals:3 | Found Tuxah's Magic Scroll Shop.
 30294 | Shoals:3 | Found Finwa's Fabulous Fripperies.
 30424 | Shoals:3 | Noticed Jorgrun
 30437 | Shoals:3 | Killed Jorgrun
 30442 | Shoals:3 | Noticed Donald
 30452 | Shoals:3 | Killed Donald
 30705 | Shoals:3 | Reached skill level 15 in Fighting
 31134 | Shoals:4 | Entered Level 4 of the Shoals
 31278 | Shoals:4 | Reached skill level 15 in Axes
 31744 | Shoals:4 | Found Muarheo's General Store.
 31788 | Shoals:4 | Found Uwaab's Specific Store.
 32352 | Shoals:4 | Got a barnacled rune of Zot
 32813 | Shoals:2 | Reached XP level 17. HP: 156/156 MP: 27/27
 32881 | Spider:1 | Entered Level 1 of the Spider Nest
 33678 | Spider:1 | Found a transporter.
 33691 | Spider:1 | Noticed Lahaam's ghost (adept MiBe)
 33738 | Spider:1 | Noticed EyeSee2020's ghost (journeyman HOFi)
 33750 | Spider:1 | Reached skill level 16 in Fighting
 33769 | Spider:1 | Killed Lahaam's ghost
 33773 | Spider:1 | Killed EyeSee2020's ghost
 33783 | Spider:1 | Reached skill level 15 in Invocations
 33805 | Spider:1 | Found a transporter.
 34831 | Spider:2 | Noticed Kirke
 34833 | Spider:2 | Noticed a sphinx
 34835 | Spider:2 | Killed Kirke
 35469 | Spider:2 | Identified the +2 robe of the Fifty Nightcaps {Str+3}
 36814 | Spider:4 | Entered Level 4 of the Spider Nest
 36824 | Spider:4 | Reached skill level 17 in Fighting
 37181 | Spider:4 | Reached XP level 18. HP: 169/169 MP: 29/29
 37813 | Spider:4 | Noticed Aizul
 37821 | Spider:4 | Killed Aizul
 38244 | Spider:4 | Noticed Bai Suzhen
 38253 | Spider:4 | Killed Bai Suzhen
 38485 | Spider:4 | Identified the +1 pair of gloves of Precision Catastrophes
                  | {rPois rF+ rN+ Regen+ Dex-5}
 38501 | Spider:4 | Got a gossamer rune of Zot
 39364 | Vaults:1 | Entered Level 1 of the Vaults
 39399 | Vaults:1 | Identified the +1 robe "Pavo" {+Blink Int+7 Stlth-
                  | Archmagi}
 39710 | Shoals:3 | Bought a manual of Fighting for 1280 gold pieces
 39834 | Shoals:2 | Bought a scroll of blinking for 105 gold pieces
 39855 | Shoals:3 | Bought a scroll of teleportation for 39 gold pieces
 39855 | Shoals:3 | Bought a scroll of teleportation for 39 gold pieces
 40077 | D:6      | Bought a transparent mace for 216 gold pieces
 40077 | D:6      | Identified the +8 mace of Okkasu Deihi {drain, Int+4
                  | Stlth+} (You bought it in a shop on level 6 of the Dungeon)
 40834 | Orc:1    | Reached skill level 10 in Throwing
 40843 | Orc:1    | Identified the +8 short sword of Bam Tonu {venom, rC+++
                  | rCorr Str+6 Int-2}
 40846 | Orc:1    | Identified the +6 broad axe of Taor {flame, Fragile rC+
                  | rCorr Str+2}
 42034 | Vaults:1 | You fall into a shaft and drop 1 floor!
 42038 | Vaults:2 | Reached skill level 1 in Shields
 42218 | Vaults:2 | Reached skill level 18 in Fighting
 42642 | Vaults:2 | Gained Warrok as an ally
 42644 | Vaults:2 | Gained Wulfoc as an ally
 42645 | Vaults:2 | Reached XP level 19. HP: 179/179 MP: 31/31
 43224 | Vaults:3 | Found a staircase to the Crypt.
 44482 | Vaults:3 | Found Xaegeett's Distillery.
 44488 | Vaults:3 | Reached skill level 5 in Shields
 44498 | Vaults:3 | Bought a potion of curing for 30 gold pieces
 44498 | Vaults:3 | Bought a potion of heal wounds for 50 gold pieces
 44498 | Vaults:3 | Bought a potion of haste for 100 gold pieces
 44498 | Vaults:3 | Bought a potion of heal wounds for 50 gold pieces
 45617 | Vaults:4 | Paralysed by a great orb of eyes for 2 turns
 46204 | Vaults:4 | Reached skill level 19 in Fighting
 46467 | Depths:1 | Entered Level 1 of the Depths
 46530 | Depths:1 | Reached XP level 20. HP: 173/191 MP: 32/32
 47315 | Depths:1 | Paralysed by a vampire knight for 2 turns
 47648 | Depths:1 | Found a gateway to Hell.
 47730 | Depths:1 | Found a one-way gate to the infinite horrors of the Abyss.
 48056 | Depths:2 | Found a one-way gate leading to the halls of Pandemonium.
 48415 | Depths:2 | You fall into a shaft and drop 2 floors!
 48415 | Depths:4 | Entered Level 4 of the Depths
 48418 | Depths:4 | Noticed a caustic shrike
 48423 | Depths:4 | Killed a caustic shrike
 48426 | Depths:4 | Noticed a juggernaut
 48432 | Depths:4 | Killed a juggernaut
 48434 | Depths:4 | Noticed a caustic shrike
 48437 | Depths:4 | Noticed a caustic shrike
 48445 | Depths:4 | Killed a caustic shrike
 48446 | Depths:4 | Killed a caustic shrike
 48447 | Depths:4 | Reached skill level 15 in Evocations
 48449 | Depths:4 | Found Apexiv's Book Emporium.
 48503 | Depths:4 | Found a one-way gateway to a ziggurat.
 48858 | Depths:3 | Reached skill level 15 in Armour
 48860 | Depths:3 | Identified the +7 morningstar of Defence by Offence {drain,
                  | Contam Will++ Str+6 Int-4}
 48861 | Depths:3 | Identified the +6 chain mail of the Planets {*Slow Regen+
                  | MP+9 Int+4}
 48979 | Depths:2 | Found Agonuf's Distillery.
 48987 | Depths:2 | Bought 2 potions of curing for 114 gold pieces
 48987 | Depths:2 | Bought a potion of curing for 57 gold pieces
 48987 | Depths:2 | Bought a potion of invisibility for 152 gold pieces
 48987 | Depths:2 | Bought a potion of cancellation for 152 gold pieces
 49099 | Depths:2 | Identified the ring "Fetaat" {rC+ MP+9}
 49641 | Depths:3 | Noticed a juggernaut
 49678 | Depths:3 | Noticed an ancient lich
 49680 | Depths:3 | Killed an ancient lich
 49681 | Depths:3 | Reached skill level 20 in Fighting
 49681 | Depths:3 | Reached XP level 21. HP: 166/201 MP: 23/33
 49701 | Depths:3 | Your ally Wulfoc died
 49740 | Depths:3 | Got the Compendium of Unholy Secrets
 49984 | Depths:3 | Your ally Warrok died
 50035 | Depths:3 | Reached skill level 10 in Shields
 50739 | Depths:3 | Found Iemym's Incredible Inventory.
 50746 | Depths:3 | Bought a wand of iceblast (4) for 152 gold pieces
 50943 | Depths:3 | Found a transporter.
 50959 | Depths:3 | Found a transporter.
 50959 | Depths:3 | Found a runed translucent door.
 50959 | Depths:3 | Found a bloodstained altar of Trog.
 50959 | Depths:3 | Found the +8 Wrath of Trog {antimagic, *Rage Rampage}
 50974 | Depths:3 | Your ally Gorm died
 50993 | Depths:3 | Killed a juggernaut
 51157 | Depths:3 | Identified the +4 chain mail of Tucvar {Rampage rC- Int+4
                  | Dex+3}
 51159 | Depths:3 | Identified the +4 battleaxe of Hatred {pain, *Corrode
                  | +Blink rF- rN+++ Will+++}
 51281 | Depths:4 | Found Ryammidd's General Store.
 51286 | Depths:4 | Bought a potion of heal wounds for 105 gold pieces
 51301 | Depths:4 | Noticed a juggernaut
 51306 | Depths:4 | Killed a juggernaut
 51366 | Depths:4 | Found a gate to the Realm of Zot.
 51366 | Depths:4 | Noticed a bone dragon
 51374 | Depths:4 | Killed a bone dragon
 52327 | Depths:4 | Reached skill level 21 in Fighting
 52747 | Depths:4 | Found a portal to a secret trove of treasure.
 53052 | Vaults:5 | Entered Level 5 of the Vaults
 53054 | Vaults:5 | Was placed under penance by Beogh
 53055 | Vaults:5 | Noticed a golden dragon
 53057 | Vaults:5 | Reached XP level 22. HP: 152/213 MP: 32/34
 53067 | Vaults:5 | HP: 9/213 [war gargoyle/+0 great mace (26)]
 53077 | Vaults:5 | HP: 10/213 [war gargoyle/+0 great mace (9)]
 53262 | Vaults:4 | Killed a golden dragon
 53611 | Vaults:5 | Noticed a dread lich
 53612 | Vaults:5 | HP: 4/208 [tengu reaver/bolt of negative energy (15)]
 53613 | Vaults:5 | Killed from afar by a tengu reaver

Illustrated notes

Levels and vault maps discovered:
D:1:      erik_arrival_orb_chamber, layout_rooms,
          chequers_serial_rivers_large_a, minmay_tromino_v4_a
D:2:      layout_loops_ring, basic_altar,
          shapermc_ecumenical_altar_starsandcircs, dk_noncrumbling_2,
          minmay_strange_pillars, minmay_misc_feat_pillars
D:3:      minmay_recursive_quarters, layout_loops_ring,
          lemuel_coloured_pillars_altar, cheibriados_altar_2,
          ebering_ghost_rock_garden, grunt_ministairs_1, uniq_robin,
          uniq_natasha
D:4:      minmay_opposing_rooms, layout_basic, minmay_temple_entry_junction
D:5:      layout_rooms
D:6:      layout_layer_cave, kennysheep_ying_yang, lemuel_tele_altar,
          nicolae_wooded_promenade
D:7:      layout_cave_pools, minivault_25, amcnicky_mini_pool_small,
          uniq_prince_ribbit1
D:8:      layout_cave_pods, grunt_lair_entry_orc_guard_hut,
          biasface_ghost_orc_armoury, nicolae_figureground_pulse, uniq_psyche
D:9:      layout_layer_cave, uniq_gastronok
D:10:     layout_gridville, overflow_temple_1_default, jmf_multi_god_temple2,
          david_orc_3, uniq_amaemon
D:11:     layout_basic
D:12:     layout_rooms, lightli_elemental_guards
D:13:     layout_rooms, david_vaults_4, gauntlet_entry_generic,
          minmay_misc_feat_plants, uniq_snorg
D:14:     layout_long_grid, nicolae_elyvilon_temple_path, serial_shops,
          nicolae_shop_hallway_stairs, chequers_serial_rivers_micro_c
D:15:     gammafunk_depths_entry_grave, layout_cross
Temple:   eino_narrow_crystal_temple
Lair:1:   statuecave_lemuel, layout_loops_ring, basic_altar, evilmike_ambush
          [evilmike_ambush_outer_corners, evilmike_ambush_inner_basic],
          grunt_megastairs_3, infiniplex_staircase_pool_2, serial_bayou_shore_a
Lair:2:   layout_chaotic_city
Lair:3:   layout_big_grid, grunt_forest_small_clearings
Lair:4:   layout_regular_city, shoals_dummy_entry,
          nicolae_spider_entry_orb_guardian, nicolae_quartered_pool_super
Lair:5:   layout_loops_ring, minmay_lair_oklob_bushes,
          nicolae_lair_grove_arrangements, serial_bayou_shore_b
Lair:6:   minmay_lair_end_enchanted_forest, layout_layer_cave, slime_entry_1,
          gammafunk_ghost_icy
Shoals:1: layout_shoals, nicolae_shoals_lost_giant_hut
Shoals:2: layout_shoals, serial_shops, shop_scrolls,
          nicolae_shoals_nymph_descending_staircase
Shoals:3: layout_shoals, serial_shops, nicolae_stop_n_shop_2,
          nicolae_alphabet_shops, uniq_donald, uniq_jorgrun
Shoals:4: shoals_end_grunt_garden, layout_shoals, nicolae_specific_store
Spider:1: layout_cave_pods, nzn_ghost_randoct
Spider:2: nicolae_spider_corner, nicolae_spider_cling_halls, uniq_kirke
Spider:3: layout_spider_delve
Spider:4: floodkiller_spider_rune_tomb, uniq_bai_suzhen, uniq_aizul
Orc:1:    giant_chief_lemuel, layout_diamond_mine, serial_shops, shop,
          uniq_erica
Orc:2:    st_orc_open, layout_diamond_mine, statue_in_the_mist_lemuel
Vaults:1: vaults_mumra_lcd, hangedman_vaults_nails, nicolae_vaults_angled_halls,
          nicolae_vaults_rhombus_6, nicolae_vaults_mini_display_case, v_misc_4,
          nicolae_vaults_alarming, dpeg_vaults_monster_box,
          hellmonk_guarded_unrand_gong, layout_vaults_omnigrid
Vaults:2: ontoclasm_vaults_chip, vaults_dpeg_ring,
          nicolae_vaults_network_barrier, vaults_room_hangedman_quadrants,
          vaults_room_boxed, nicolae_vaults_hallways_thing,
          grunt_vaults_bifocal, hangedman_vaults_trim, v_misc_30,
          hangedman_vaults_capsules, vaults_room_pool, layout_vaults_omnicross
Vaults:3: v_misc_19, minmay_crypt_entry_simple_plaza, v_misc_18,
          nicolae_vaults_network_periphery, ontoclasm_vaults_tryst,
          hangedman_vaults_river_flow, vaults_dpeg_encased_lava,
          vaults_room_fours, hangedman_vaults_corner, nicolae_vaults_big_ls,
          v_misc_19, ontoclasm_vaults_decontamination, layout_vaults_ring,
          serial_shops, shop_fountains
Vaults:4: vaults_room_octagon, ontoclasm_vaults_gateway,
          ontoclasm_vaults_claustrophobia, nicolae_vaults_specimen_jars,
          hangedman_vaults_stagger, hangedman_vaults_nodes,
          nicolae_vaults_shelves_hall, vaults_room_pool,
          nicolae_vaults_c_with_doors, vaults_standard_mumra_lines,
          nicolae_vaults_network_quinsquares
          [nicolae_vaults_network_quincunx_subvault,
          nicolae_vaults_network_quincunx_subvault,
          nicolae_vaults_network_quincunx_subvault,
          nicolae_vaults_network_quincunx_subvault], ontoclasm_vaults_fault,
          grunt_vaults_funnel, layout_vaults_omnibox
Vaults:5: serial_shops
Depths:1: layout_gridlike, corexii_leaking_fountain,
          abyss_entry_small_statue_room, grunt_hell_entry_dis_grunt, hex_medium,
          minmay_large_rounded_square
Depths:2: nicolae_cairo_tiling, layout_cave_shapes, serial_glass,
          glass_columns_b, glass_columns_a, pf_coc_iceberg, serial_shops, shop,
          rand_demon_pan_entry_8
Depths:3: emtedronai_trogs_sanctum, layout_long_grid, abyss_entry, special_room
          [special_room_morgue], lightli_too_deep, nicolae_alphabet_shops,
          minmay_misc_feat_doors
Depths:4: grunt_zot_entry_tricorne, layout_gridlike, enter_ziggurat_b,
          minmay_room_of_horrors, enter_trove_6, serial_sigils,
          serial_sigils_hangedman_scratch, serial_sigils_hangedman_stare,
          serial_sigils_hangedman_scar, serial_sigils_hangedman_shear,
          serial_sigils_hangedman_snap, pf_hell_entry_tar_spiral,
          nicolae_lava_and_water, serial_shops, shop, nicolae_shop_stone

Skill      XL: |  1  2  3  4  5  6  7  8  9 10 11 12 13 14 15 16 17 18 19 20 21 22 |
---------------+-------------------------------------------------------------------+-----
Stealth        | 2 |  2.0
Armour         | 1 2 3 4 5 6 8 9 10 11 12 13 14 15 16 | 16.0
Fighting       | 4 5 6 7 8 9 10 11 12 14 15 17 18 19 20 21 | 21.4
Dodging        | 3 4 5 6 |  6.0
Axes           | 5 6 7 9 11 13 15 17 18 19 20 | 20.8
Throwing       | 1 2 3 4 5 6 7 8 9 10 11 12 | 12.0
Invocations    | 1 2 3 5 6 8 9 10 11 13 14 15 16 17 | 17.5
Spellcasting   | 1 |  1.0
Maces & Flails | 1 |  1.6
Polearms       | 2 5 8 10 11 12 | 12.5
Evocations     | 1 3 5 6 7 9 10 11 12 13 14 15 16 | 16.8
Shields        | 2 6 9 11 | 11.9

Action                   |  1- 3 |  4- 6 |  7- 9 | 10-12 | 13-15 | 16-18 | 19-21 | 22-24 || total
-------------------------+-------+-------+-------+-------+-------+-------+-------+-------++-------
Melee: Hand axe          |    51 |       |    58 |       |       |       |       |       ||   109
       Dagger            |    72 |   164 |    78 |       |       |       |       |       ||   314
       Punch             |       |     3 |     2 |       |     2 |       |       |       ||     7
       Trident           |       |       |   106 |   351 |    93 |     9 |       |       ||   559
       Whip              |       |       |    18 |       |       |       |       |       ||    18
       War axe           |       |       |       |    20 |    28 |       |       |       ||    48
       Battleaxe         |       |       |       |       |   371 |   563 |       |       ||   934
       Broad axe         |       |       |       |       |       |    58 |   667 |    44 ||   769
Throw: Dart              |       |     5 |     3 |     5 |     7 |     8 |       |       ||    28
       Boomerang         |       |       |    12 |     7 |    79 |   288 |    78 |     5 ||   469
       Javelin           |       |       |       |       |     2 |       |       |       ||     2
       Throwing net      |       |       |       |       |       |     1 |     2 |       ||     3
Invok: Convert to Beogh  |       |       |     1 |       |       |       |       |       ||     1
       Recall Orcish Fol |       |       |       |       |    11 |    25 |    10 |       ||    46
       Smiting           |       |       |       |       |     6 |    12 |    19 |       ||    37
       Give Item to Name |       |       |       |       |     1 |       |     2 |       ||     3
       Resurrection      |       |       |       |       |       |       |     2 |       ||     2
 Abil: Evoke Blink       |       |       |       |       |     1 |     1 |       |       ||     2
Evoke: Phantom mirror    |       |       |       |       |     1 |       |     4 |     1 ||     6
       Wand              |       |       |       |       |    11 |    14 |    25 |     3 ||    53
       Condenser vane    |       |       |       |       |     2 |     4 |     4 |     1 ||    11
       Lightning rod     |       |       |       |       |       |     3 |    12 |       ||    15
       Box of beasts     |       |       |       |       |       |       |       |     1 ||     1
  Use: Potion            |       |     1 |       |       |    17 |     8 |    10 |    10 ||    46
       Scroll            |       |       |    10 |     9 |    15 |     4 |     6 |    10 ||    54
 Stab: Sleeping          |       |     2 |       |       |       |       |       |       ||     2
       Distracted        |       |       |       |     4 |     4 |     2 |     4 |       ||    14
       Invisible         |       |       |       |       |     1 |       |       |       ||     1
       Held in net/web   |       |       |       |       |       |       |     1 |       ||     1
Armor: Scale mail        |    48 |    34 |       |       |       |       |       |       ||    82
       Robe              |     2 |    26 |       |       |       |       |       |       ||    28
       Chain mail        |       |    11 |   122 |   160 |   290 |   211 |       |       ||   794
       Skin              |       |       |     2 |       |       |       |       |       ||     2
       Plate armour      |       |       |       |       |       |    97 |       |       ||    97
       Storm dragon scal |       |       |       |       |       |    89 |   325 |    59 ||   473
       Gold dragon scale |       |       |       |       |       |       |       |    15 ||    15
Dodge: Dodged            |    57 |    86 |    73 |    69 |   292 |   427 |   237 |    54 ||  1295
Block: Other             |       |     5 |    35 |    56 |   101 |    62 |       |       ||   259
       Reflection        |       |       |     1 |       |     6 |     1 |    29 |     8 ||    45
       Kite shield       |       |       |       |       |       |    12 |   388 |    74 ||   474

Table legend: (Time is in decaauts)
 A = Elapsed time spent in this place.
 B = Non-inter-level travel time spent in this place.
 C = Inter-level travel time spent in this place.
 D = Time resting spent in this place.
 E = Time spent auto-exploring this place.
 F = Levels seen in this place.
 G = Mean time per level.
                   A        B        C        D        E       F      G
               +--------+--------+--------+--------+--------+-----+--------+
         Total |  53268 |  47739 |   5529 |  14833 |  19769 |  41 | 1299.2 |
       Dungeon |  18113 |  16312 |   1801 |   3970 |   9119 |  15 | 1207.5 |
        Temple |    186 |    174 |     12 |      0 |    167 |   1 |  186.0 |
          Lair |   8566 |   7345 |   1221 |   2033 |   3875 |   6 | 1427.7 |
        Shoals |   6111 |   5328 |    783 |   2731 |    440 |   4 | 1527.8 |
   Spider Nest |   6202 |   5536 |    666 |   2232 |   1556 |   4 | 1550.5 |
  Orcish Mines |   2651 |   2326 |    325 |    840 |    857 |   2 | 1325.5 |
        Vaults |   5084 |   4728 |    356 |   1378 |   1366 |   5 | 1016.8 |
        Depths |   6351 |   5988 |    363 |   1647 |   2388 |   4 | 1587.8 |
               +--------+--------+--------+--------+--------+-----+--------+

Top non-repeatable levels by time:
  Lair:6: 2561 daAuts
Spider:4: 2208 daAuts
Depths:3: 2129 daAuts
Spider:2: 2109 daAuts
Vaults:4: 2089 daAuts
Shoals:2: 2009 daAuts
  Lair:4: 1951 daAuts
   Orc:1: 1769 daAuts
     D:9: 1739 daAuts
    D:10: 1695 daAuts
     D:6: 1676 daAuts
     D:8: 1638 daAuts
Vaults:3: 1637 daAuts
Shoals:4: 1626 daAuts
Depths:4: 1612 daAuts
